 Dungeon Crawl Stone Soup version 0.18.1-8-gdd0e5ea (webtiles) character file.

5578 mrath the Grappler (level 10, -9/104 HPs)
             Began as a Troll Monk on June 12, 2016.
             Was an Elder of Okawaru.
             Mangled by a seven-headed hydra (13 damage)
             ... on level 1 of the Lair of Beasts.
             The game lasted 00:39:33 (7829 turns).

mrath the Grappler (Troll Monk)                     Turns: 7829, Time: 00:39:34

Health: -9/104     AC:  6    Str: 27    XL:     10   Next: 44%
Magic:  9/11       EV: 16    Int:  6    God:    Okawaru [****..]
Gold:   358        SH:  0    Dex: 15    Spells: 0 memorised, 9 levels left

rFire  . . .     SeeInvis .     J - +0 giant spiked club
rCold  + . .     Gourm    +     a - +1 robe
rNeg   . . .     Faith    .     (shield currently unavailable)
rPois  .         Spirit   .     (helmet restricted)
rElec  .         Dismiss  .     (no cloak)
rCorr  .         Reflect  .     (gloves unavailable)
SustAt .         Harm     .     (boots unavailable)
MR     .....                    (no amulet)
Stlth  +++.......               y - +6 ring of strength
                                w - ring of protection from cold

@: heroism, not resistant to hostile enchantments, fairly stealthy
A: unfitting armour, claws 3, fast metabolism 3, gourmand, regeneration 2,
shaggy fur 1, tough skin 2
a: Heroism, Renounce Religion


You were on level 1 of the Lair of Beasts.
You worshipped Okawaru.
Okawaru was greatly pleased with you.
You were very full.

You visited 3 branches of the dungeon, and saw 11 of its levels.

You collected 508 gold pieces.
You spent 150 gold pieces at shops.

Inventory:

Hand Weapons
 v - a +0 hunting sling
 J - a +0 giant spiked club (weapon)
Missiles
 h - 362 stones
 t - 3 tomahawks (quivered)
 x - 11 poisoned needles
Armour
 a - a +1 robe (worn)
Jewellery
 w - a ring of protection from cold (left claw)
 y - a +6 ring of strength (right claw)
Wands
 s - a wand of enslavement (5/24)
 D - a wand of disintegration (24/24)
 H - a wand of confusion (19/48)
 M - a wand of iceblast (5/15)
 P - a wand of enslavement (13/24)
 Q - a wand of disintegration (9/24)
 R - a wand of iceblast (4/15)
Scrolls
 c - 4 scrolls of amnesia
 d - 2 scrolls of enchant armour
 e - a scroll of fear
 f - a scroll of enchant weapon {unknown}
 g - 4 scrolls of remove curse
 m - a scroll of recharging
 n - a scroll of magic mapping
 o - 2 scrolls of identify
 p - 2 scrolls of teleportation {unknown}
 B - a scroll of fog {unknown}
 F - a scroll of noise {unknown}
 K - a scroll of immolation {unknown}
Potions
 j - 2 potions of agility
 k - 3 potions of mutation {unknown}
 l - 3 potions of curing
 q - 2 potions of flight {unknown}
 r - a potion of ambrosia {unknown}
 z - a potion of haste {unknown}
 C - 3 potions of degeneration {unknown}
 E - 3 potions of lignification
 L - 3 potions of heal wounds
 N - a potion of invisibility {unknown}
 O - a potion of cancellation {unknown}
Books
 I - Cytann's Handbook of Conjuration
   (You found it on level 7 of the Dungeon)

   Spells                             Type                      Level
   a - Sting                          Conjuration/Poison           1
   b - Mephitic Cloud                 Conjuration/Poison/Air       3
   c - Force Lance                    Conjuration/Translocation    4
   d - Bolt of Magma                  Conjuration/Fire/Earth       5
   e - Poisonous Cloud                Conjuration/Poison/Air       6
Comestibles
 b - 7 bread rations
 i - 2 beef jerkies
 u - 2 meat rations
 A - 2 royal jellies
 G - 3 fruits


   Skills:
 + Level 7.7(12.7) Fighting
 + Level 3.7(8.7) Armour
 + Level 5.4(10.4) Dodging
 + Level 4.4(9.4) Stealth
 + Level 8.1(13.1) Unarmed Combat
 + Level 3.5 Evocations


You had 9 spell levels left.
You didn't know any spells.

Dungeon Overview and Level Annotations

Branches:
Dungeon (9/15)             Temple (1/1) D:7            Lair (1/8) D:8
    Orc: D:9-12

Altars:
Ashenzari
Cheibriados
Dithmenos
Elyvilon
Fedhas
Gozag
Kikubaaqudgha
Makhleb
Nemelex Xobeh
Okawaru
Pakellas
Qazlal
Sif Muna
Trog
Vehumet
Xom
Yredelemnul
Zin
The Shining One

Shops:
D:5 (   D:8 ![

Annotations:
D:4 Menkaure
D:9 thrashmonkey's ghost, novice MiFi


Innate Abilities, Weirdness & Mutations

You are too large for most types of armour.
You have claws for hands.
Your metabolism is lightning-fast.
You like to eat raw meat.
You heal very quickly.
You are covered in fur (AC +1).
You have very tough skin (AC +2).


Message History

The seven-headed hydra barely misses you.
The seven-headed hydra bites you.
* * * LOW HITPOINT WARNING * * *
The seven-headed hydra closely misses you.
The seven-headed hydra barely misses you. x2
You barely miss the seven-headed hydra.
The seven-headed hydra completely misses you.
The seven-headed hydra barely misses you.
The seven-headed hydra bites you but does no damage. x2
The seven-headed hydra bites you!
* * * LOW HITPOINT WARNING * * *
The seven-headed hydra misses you.
The seven-headed hydra closely misses you. x2
The seven-headed hydra completely misses you.
The seven-headed hydra bites you.
* * * LOW HITPOINT WARNING * * *
The seven-headed hydra bites you!
* * * LOW HITPOINT WARNING * * *
The seven-headed hydra bites you!
You die...

*,,,,,,,,,,,,,,,,,,,,,,,,* *,
**,***..,,,*,#...........# ##.
*,* *...,,**#...........# #..
*,* *....,* #...........##*#.
*,***....#*##............# #.
**,,**.....##P...........####.
*,,***...?#.##...........#.#..
*,,,,,......D.................
**,,,,.......@................
*,,∩,.................##.##..
**,,,*##...............#####..
*,,*** #.............S## #..
**,* ##.%...........# #.. *,*
#..............# #.. *,**
##.............# #.. *,,*
*..............#*** #..
**,*****,,,,,,,,,,,,,,**,***,,


You could see a seven-headed hydra.

Vanquished Creatures
  Erica (D:8)
  A hill giant (D:7)
  Pikel (D:8)
  Psyche (D:8)
  Sigmund (D:5)
  4 yaks (Lair:1)
  2 water moccasins
  An orc warrior (D:8)
  A phantom (D:4)
  A necrophage (D:6)
  2 ogres
  A sky beast (D:5)
  2 wasps
  2 black bears
  An ice beast (D:6)
  2 centaurs
  6 giant frogs
  4 wights (D:8)
  4 jellies
  2 crimson imps
  A centaur zombie (D:8)
  A quasit (D:6)
  3 centaur skeletons
  A giant frog zombie (D:6)
  3 hounds
  2 giant frog skeletons
  3 orc priests
  An iguana (D:4)
  2 orc wizards (D:5)
  7 worker ants
  A hound zombie (D:7)
  5 adders
  3 gnolls (D:4)
  A shadow imp (D:8)
  3 oozes
  2 adder skeletons
  2 worms
  2 dart slugs (D:1)
  6 giant geckos
  25 orcs
  3 ball pythons
  5 giant cockroaches
  8 goblins
  12 hobgoblins
  13 jackals
  3 quokkas
  9 bats
  A giant cockroach zombie (D:5)
  A giant gecko zombie (D:8)
  5 giant newts
  6 kobolds
  10 rats
190 creatures vanquished.

Notes
Turn   | Place    | Note
--------------------------------------------------------------
     0 | D:1      | mrath the Troll Monk began the quest for the Orb.
     0 | D:1      | Reached XP level 1. HP: 22/22 MP: 0/0
   156 | D:1      | Reached XP level 2. HP: 25/29 MP: 1/1
   843 | D:2      | Reached XP level 3. HP: 35/37 MP: 2/2
  1151 | D:2      | Found a shimmering altar of Xom.
  1152 | D:2      | Found a shimmering altar of Xom.
  1152 | D:2      | Found a shimmering altar of Xom.
  1153 | D:2      | Found a shimmering altar of Xom.
  1153 | D:2      | Found a shimmering altar of Xom.
  1165 | D:2      | Found a shimmering altar of Xom.
  1183 | D:2      | You fall through a shaft for 2 floors!
  1193 | D:4      | Reached XP level 4. HP: 39/46 MP: 3/3
  1227 | D:4      | Noticed a phantom
  1319 | D:3      | Reached skill level 5 in Unarmed Combat
  1319 | D:3      | Reached XP level 5. HP: 26/54 MP: 4/4
  1623 | D:2      | You fall through a shaft for 2 floors!
  1745 | D:2      | Found a glowing golden altar of the Shining One.
  1745 | D:2      | Found a bloodstained altar of Trog.
  2378 | D:4      | Reached XP level 6. HP: 61/63 MP: 5/5
  2511 | D:4      | Noticed Menkaure
  2829 | D:4      | Reached skill level 5 in Fighting
  3079 | D:5      | Entered Level 5 of the Dungeon
  3089 | D:5      | Reached XP level 7. HP: 72/72 MP: 6/6
  3418 | D:5      | Found an opulent altar of Gozag.
  3446 | D:5      | Reached skill level 6 in Unarmed Combat
  3516 | D:5      | Found Uroethry's Weapon Shop.
  3695 | D:5      | Noticed Sigmund
  3700 | D:5      | Killed Sigmund
  3700 | D:5      | Reached XP level 8. HP: 83/83 MP: 7/7
  4345 | D:6      | Found a snail-covered altar of Cheibriados.
  4654 | D:6      | Found a shadowy altar of Dithmenos.
  5036 | D:7      | Reached skill level 1 in Evocations
  5056 | D:7      | Identified Cytann's Handbook of Conjuration
  5090 | D:7      | Found a staircase to the Ecumenical Temple.
  5095 | Temple   | Entered the Ecumenical Temple
  5165 | Temple   | Became a worshipper of Warmaster Okawaru
  5165 | Temple   | Reached * piety under Okawaru
  5165 | Temple   | Reached ** piety under Okawaru
  5304 | D:7      | Noticed a hill giant
  5563 | D:7      | Found a basalt altar of Yredelemnul.
  5720 | D:7      | Killed a hill giant
  5720 | D:7      | Reached skill level 1 in Armour
  5720 | D:7      | Reached skill level 7 in Unarmed Combat
  5720 | D:7      | Reached XP level 9. HP: 29/93 MP: 9/9
  6364 | D:8      | Noticed Erica
  6405 | D:8      | Reached *** piety under Okawaru
  6511 | D:8      | Killed Erica
  6511 | D:8      | Reached skill level 5 in Dodging
  6587 | D:8      | Found a shimmering altar of Xom.
  6641 | D:8      | Found Baodighi's Distillery.
  6666 | D:8      | Bought a potion of agility for 40 gold pieces
  6666 | D:8      | Bought a potion of lignification for 30 gold pieces
  6666 | D:8      | Bought a potion of heal wounds for 50 gold pieces
  6666 | D:8      | Bought a potion of curing for 30 gold pieces
  6669 | D:8      | Noticed Psyche
  6678 | D:8      | Killed Psyche
  6739 | D:8      | Found a staircase to the Lair.
  6839 | D:8      | You fall through a shaft!
  6845 | D:9      | Reached XP level 10. HP: 74/102 MP: 11/11
  6850 | D:9      | Noticed thrashmonkey's ghost (novice MiFi)
  6892 | D:8      | Found Dackeot's Armour Emporium.
  7064 | D:8      | Noticed Pikel
  7073 | D:8      | Killed Pikel
  7135 | D:8      | Reached **** piety under Okawaru
  7463 | D:8      | Reached skill level 8 in Unarmed Combat
  7608 | Lair:1   | Entered Level 1 of the Lair of Beasts
  7644 | Lair:1   | Noticed a spiny frog
  7822 | Lair:1   | Noticed a seven-headed hydra
  7829 | Lair:1   | HP: 4/104 [seven-headed hydra (11)]
  7829 | Lair:1   | Mangled by a seven-headed hydra

Skill      XL: |  1  2  3  4  5  6  7  8  9 10 |
---------------+-------------------------------+-----
Fighting       | 3 4 5 6 7 |  7.7
Unarmed Combat | 5 6 7 8 |  8.1
Dodging        | 3 4 5 |  5.4
Stealth        | 2 3 4 |  4.4
Evocations     | 1 2 3 |  3.5
Armour         | 1 2 3 |  3.7

Action                   |  1- 3 |  4- 6 |  7- 9 | 10-12 || total
-------------------------+-------+-------+-------+-------++-------
Melee: Unarmed           |   107 |   187 |   224 |    67 ||   585
       Punch             |       |     3 |     7 |     4 ||    14
       Giant spiked club |       |       |       |     3 ||     3
Throw: Stone             |       |     2 |       |       ||     2
       Tomahawk          |       |     4 |    13 |     7 ||    24
Invok: Heroism           |       |       |       |     1 ||     1
  Use: Scroll            |       |     2 |     5 |     2 ||     9
 Stab: Sleeping          |     2 |     3 |     6 |       ||    11
  Eat: Chunk             |    16 |    17 |    34 |     8 ||    75
Armor: Robe              |    39 |    59 |    31 |    11 ||   140
Dodge: Dodged            |    44 |    77 |    80 |    69 ||   270
